 Dungeon Crawl Stone Soup version 0.24.1-8-ga250c9d538 (webtiles) character file.

Game seed: 14102199558329792542, levelgen mode: deterministic

7562 Atelerd the Destroyer (level 11, -4/67 HPs)
             Began as a Tengu Wizard on Apr 27, 2020.
             Was a Believer of Sif Muna.
             Slain by a sixfirhy (5 damage)
             ... summoned by an orc high priest
             ... on level 1 of the Orcish Mines.
             The game lasted 00:44:46 (15037 turns).

Atelerd the Destroyer (Tengu Wizard)               Turns: 15037, Time: 00:44:47

Health: -4/67      AC:  3    Str:  8    XL:     11   Next: 17%
Magic:  26/26      EV: 16    Int: 21    God:    Sif Muna [**....]
Gold:   373        SH:  0    Dex: 13    Spells: 21/30 levels left

rFire    + . .     SeeInvis .   E - +5 halberd (chaos)
rCold    + . .     Gourm    .   (shield currently unavailable)
rNeg     . . .     Faith    .   F - +1 robe {rC+ rF+}
rPois    .         Spirit   .   b - +0 hat
rElec    .         Reflect  .   (no cloak)
rCorr    +         Harm     .   (no gloves)
MR       +....                  (boots unavailable)
Stlth    +++.......             (no amulet)
HPRegen  0.21/turn              q - ring of resist corrosion
MPRegen  0.20/turn              (no ring)

@: flying quickly and evasively, quick
A: beak, talons 3, magic resistance 1, robust 1, able to fly
a: Stop Flying, Channel Magic, Renounce Religion


You were on level 1 of the Orcish Mines.
You worshipped Sif Muna.
Sif Muna was pleased with you.
You were not hungry.

You visited 3 branches of the dungeon, and saw 12 of its levels.

You collected 542 gold pieces.
You spent 169 gold pieces at shops.

Inventory:

Hand Weapons
 x - a +3 dagger
 D - the cursed +1 hunting sling of Responsibility {velocity, rPois rF+}
   (You took it off a wight on level 7 of the Dungeon)

   Any stone fired from it inflicts extra damage.
   It protects you from fire.
   It protects you from poison.
   It has a curse placed upon it.
 E - a +5 halberd of chaos (weapon)
Armour
 b - a +0 hat (worn)
 F - a +1 robe of resistance (worn)
Jewellery
 a - an uncursed ring of ice
 q - a ring of resist corrosion (left hand)
Wands
 l - a wand of enslavement (11)
 n - a wand of random effects (30)
Scrolls
 e - 2 scrolls of teleportation
 i - 2 scrolls of remove curse
 r - a scroll of immolation
 t - a scroll of amnesia {unknown}
 u - a scroll of enchant weapon {unknown}
 y - 2 scrolls of enchant armour {unknown}
 B - a scroll of noise {unknown}
 C - a scroll of magic mapping
Potions
 c - 3 potions of magic
 f - 2 potions of lignification
 g - a potion of might
 h - 3 potions of mutation
 j - a potion of cancellation
 k - 4 potions of curing
 m - a potion of agility
 o - 2 potions of ambrosia {unknown}
 p - a potion of haste {unknown}
 s - 3 potions of resistance {unknown}
 w - 2 potions of degeneration
 z - 2 potions of brilliance
Comestibles
 d - 14 rations
 v - 8 chunks of flesh


   Skills:
 - Level 4.0 Fighting
 - Level 4.2 Dodging
 + Level 4.2 Stealth
 + Level 10.1 Spellcasting
 + Level 12.2 Conjurations
   Level 1.2 Summonings
 - Level 3.0 Translocations
 - Level 2.9 Air Magic
 * Level 4.2 Invocations
 + Level 0.7 Evocations


You had 21 spell levels left.
You knew the following spells:

 Your Spells              Type           Power        Failure   Level  Hunger
a - Magic Dart            Conj           ####         1%          1    None
b - Mephitic Cloud        Conj/Pois/Air  ####....     2%          3    None
c - Blink                 Tloc           N/A          2%          2    None
d - Conjure Flame         Conj/Fire      #####...     1%          3    None

Your spell library contained the following spells:

 Spells                   Type           Power        Failure   Level  Hunger
 Call Imp                 Summ           ###.....     6%          2    None
 Slow                     Hex            ##......     10%         2    None


Dungeon Overview and Level Annotations

Branches:
Dungeon (10/15)            Temple (1/1) D:5             Orc (1/2) D:9
   Lair: D:8-11

Altars:
Ashenzari
Dithmenos
Fedhas
Kikubaaqudgha
Nemelex Xobeh
Okawaru
Qazlal
Ru
Sif Muna
Uskayaw
Xom
Yredelemnul
Zin
The Shining One

Shops:
D:7 !

Annotations:
D:6 exclusion: 2 downstairs
D:8 exclusion: 3 downstairs
Abyss:1 Duvessa


Innate Abilities, Weirdness & Mutations

You have a beak for a mouth.
You have claws for feet.
You can fly continuously.
You are resistant to hostile enchantments. (MR+)
You are robust. (+10% HP)


Message History

You fly downwards.
Welcome back to the Orcish Mines!
The orc hits you with a +0 dagger.
The orc warrior throws a boomerang.
The boomerang hits you!
The weapon returns to the orc warrior!
The troll closely misses you. The troll misses you.
The troll barely misses you.
The orc warrior throws a boomerang.
The boomerang barely misses you.
The weapon returns to the orc warrior!
The orc high priest prays to Beogh.
The orc barely misses you.
There is a staircase back to the Dungeon, spattered with blood here.
Unknown command.
The sixfirhy hits you. The sixfirhy shocks you! The troll bites you!
* * * LOW HITPOINT WARNING * * *
The troll claws you!
* * * LOW HITPOINT WARNING * * *
The troll claws you.
* * * LOW HITPOINT WARNING * * *
The orc warrior throws a boomerang.
The boomerang misses you.
The weapon returns to the orc warrior!
The orc closely misses you. The sixfirhy hits you.
You die...

...#... ..
#.#....##.
........#.
.........
.........
..$.....# .
.......o###oo..
......>@T.o..#
........3$..o..
....o..........
....#.......4#.
.>. ........#.#
.. ............
. ......o.>....
#..####.##..##


You could see an orc high priest, a rust devil, a troll, a sixfirhy, 2 orc
warriors, 2 orc priests, an orc wizard and an orc.

Vanquished Creatures
  2 two-headed ogres
  An ugly thing (D:8)
  A troll (D:9)
  A queen bee (D:9)
  A hippogriff (D:6)
  Sigmund (D:3)
  A human (D:8)
  A warg (D:8)
  2 water moccasins
  2 ice beasts
  4 orc warriors
  A black bear (D:7)
  5 ogres
  A necrophage (D:8)
  6 sky beasts
  A crocodile (D:10)
  A centaur (D:7)
  A big kobold (D:8)
  6 bullfrogs
  A wyvern skeleton (D:9)
  2 scorpions
  Dowan (D:4)
  13 killer bees
  5 wights (D:7)
  5 howler monkeys
  A centaur zombie (D:8)
  4 crimson imps
  4 hounds
  A jelly (D:5)
  A centaur skeleton (D:6)
  6 orc priests
  Crazy Yiuf (D:3)
  2 iguanas
  2 bullfrog skeletons
  8 orc wizards
  Terence (D:3)
  Natasha (thrice) (D:3)
  5 worker ants
  A killer bee zombie (D:6)
  A hound zombie (D:5)
  A howler monkey skeleton (D:7)
  5 adders
  2 adder skeletons (D:9)
  An adder zombie (D:7)
  2 worms
  A dart slug (D:4)
  43 orcs
  4 ball pythons
  4 bats
  4 giant cockroaches
  7 goblins
  9 hobgoblins
  13 jackals
  3 quokkas
  4 frilled lizards
  15 kobolds
  8 rats
233 creatures vanquished.

Vanquished Creatures (collateral kills)
  2 killer bees (D:9)
  An orc (D:9)
3 creatures vanquished.

Grand Total: 236 creatures vanquished

Notes
Turn   | Place    | Note
-------+----------+-------------------------------------------
     0 | D:1      | Atelerd the Tengu Wizard began the quest for the Orb.
     0 | D:1      | Reached XP level 1. HP: 10/10 MP: 5/5
   355 | D:1      | Reached XP level 2. HP: 16/16 MP: 0/7
   444 | D:1      | Reached skill level 2 in Conjurations
  1170 | D:2      | Reached XP level 3. HP: 18/20 MP: 6/8
  1175 | D:2      | Learned a level 3 spell: Mephitic Cloud
  1178 | D:2      | Learned a level 2 spell: Blink
  1214 | D:2      | Found an iron altar of Okawaru.
  1486 | D:2      | Found a glowing golden altar of the Shining One.
  1486 | D:2      | Found an iron altar of Okawaru.
  1749 | D:2      | Found an ancient bone altar of Kikubaaqudgha.
  1809 | D:3      | Noticed Natasha
  1814 | D:3      | Killed Natasha
  1814 | D:3      | Reached skill level 1 in Fighting
  1814 | D:3      | Reached skill level 1 in Air Magic
  1814 | D:3      | Reached XP level 4. HP: 23/25 MP: 4/9
  1928 | D:3      | Noticed Sigmund
  1947 | D:3      | Killed Sigmund
  1947 | D:3      | Reached skill level 3 in Conjurations
  1947 | D:3      | Gained mutation: You can fly continuously. [Tengu growth]
  1947 | D:3      | Reached XP level 5. HP: 30/30 MP: 0/11
  1947 | D:3      | Reached XP level 6. HP: 35/35 MP: 0/12
  2114 | D:3      | Reached skill level 4 in Conjurations
  2293 | D:3      | Noticed Natasha
  2301 | D:3      | Killed Natasha
  2314 | D:3      | Found a runed translucent door.
  2315 | D:3      | Noticed Crazy Yiuf
  2354 | D:3      | Killed Crazy Yiuf
  2727 | D:3      | Noticed Terence
  2763 | D:3      | Learned a level 3 spell: Conjure Flame
  2775 | D:3      | Killed Terence
  2983 | D:3      | Reached skill level 5 in Conjurations
  3076 | D:3      | Noticed Natasha
  3084 | D:3      | Killed Natasha
  3110 | D:4      | Found a hide-covered altar of Uskayaw.
  3248 | D:4      | Noticed Duvessa
  3248 | D:4      | Noticed Dowan
  3264 | D:4      | Killed Dowan
  3264 | D:4      | Reached XP level 7. HP: 29/40 MP: 0/14
  3387 | D:4      | Reached skill level 6 in Conjurations
  3625 | D:4      | Banished Duvessa
  3625 | D:4      | Reached skill level 7 in Conjurations
  4315 | D:5      | Entered Level 5 of the Dungeon
  4740 | D:5      | Reached XP level 8. HP: 44/44 MP: 6/16
  4746 | D:5      | Reached skill level 5 in Spellcasting
  4746 | D:5      | Reached skill level 8 in Conjurations
  5302 | D:5      | Reached skill level 9 in Conjurations
  5953 | D:5      | Found a staircase to the Ecumenical Temple.
  6045 | Temple   | Entered the Ecumenical Temple
  6058 | Temple   | Became a worshipper of Sif Muna the Loreminder
  6414 | D:6      | Reached skill level 1 in Translocations
  6909 | D:6      | Reached skill level 1 in Invocations
  7030 | D:6      | Noticed a two-headed ogre
  7064 | D:6      | Killed a two-headed ogre
  7064 | D:6      | Reached XP level 9. HP: 50/50 MP: 3/19
  7783 | D:6      | Reached skill level 10 in Conjurations
  8122 | D:7      | Reached * piety under Sif Muna
  8276 | D:7      | Identified the cursed +1 hunting sling of Responsibility
                  | {velocity, rPois rF+}
  8534 | D:7      | Found a basalt altar of Yredelemnul.
  8543 | D:7      | Noticed a six-headed hydra
  8631 | D:7      | Found Pitzepen's Distillery.
  9332 | D:7      | Bought a potion of degeneration for 13 gold pieces
  9332 | D:7      | Bought a potion of mutation for 104 gold pieces
  9332 | D:7      | Bought a potion of brilliance for 52 gold pieces
  9332 | D:7      | Gained mutation: You are resistant to hostile enchantments.
                  | (MR+) [potion of mutation]
  9332 | D:7      | Gained mutation: You are robust. (+10% HP) [potion of
                  | mutation]
  9650 | D:8      | Reached XP level 10. HP: 61/61 MP: 15/22
  9724 | D:8      | Found a sacrificial altar of Ru.
  9993 | D:8      | Noticed a two-headed ogre
 10013 | D:8      | Killed a two-headed ogre
 10072 | D:8      | Reached skill level 11 in Conjurations
 10675 | D:9      | Noticed a red ugly thing
 10727 | D:8      | HP: 3/61 [poisoned by a killer bee]
 11081 | D:8      | Reached ** piety under Sif Muna
 11768 | D:8      | Killed a green ugly thing
 13577 | D:9      | Reached XP level 11. HP: 67/67 MP: 0/25
 13818 | D:9      | Reached skill level 12 in Conjurations
 13958 | D:9      | Reached skill level 10 in Spellcasting
 14207 | D:9      | Found a staircase to the Orcish Mines.
 14250 | D:10     | Entered Level 10 of the Dungeon
 14673 | Orc:1    | Entered Level 1 of the Orcish Mines
 14673 | Orc:1    | Noticed an orc high priest
 14851 | Orc:1    | Noticed a sixfirhy
 15037 | Orc:1    | Noticed a sixfirhy
 15037 | Orc:1    | HP: 1/67 [troll[an orc high priest] (6)]
 15037 | Orc:1    | Slain by a sixfirhy

Levels and vault maps discovered:
D:1:      dpeg_arrival_rooms_c, layout_loops_ring, corner_web_ring
D:2:      layout_rooms, nicolae_overflow_hidden_temple, first_ration,
          minmay_misc_feat_enclosed, minmay_misc_feat_hallway,
          minmay_misc_feat_x, okawaru_metal_pillars_3
D:3:      minmay_angry_zag, layout_loops_cross, uniq_terence, uniq_sigmund,
          uniq_crazy_yiuf_cottage, uniq_natasha
D:4:      kennysheep_big_flooded_room, layout_basic,
          eat_drink_and_be_merry_uskayaw, grunt_ministairs_14, uniq_duvessa
D:5:      layout_basic, minmay_temple_entry_purple_smoke
D:6:      layout_loops_ring
D:7:      layout_rooms, yredelemnul_altar_generic, serial_shops,
          nicolae_shop_window_shopping
D:8:      layout_basic, lemuel_round_altar
D:9:      layout_rooms, erik_orc_4, david_nohive_1
D:10:     hangedman_screamer, layout_loops_ring, st_stairs_8, uniq_fannar,
          uniq_sonja
Temple:   regret_index_temple_sphere_string
Orc:1:    layout_caves

Skill      XL: |  1  2  3  4  5  6  7  8  9 10 11 |
---------------+----------------------------------+-----
Conjurations   | 2 3 5 7 9 10 11 12 | 12.2
Fighting       | 1 2 3 4 |  4.0
Air Magic      | 1 2 |  2.9
Dodging        | 3 4 |  4.2
Stealth        | 3 4 |  4.2
Spellcasting   | 4 6 7 9 10 | 10.1
Translocations | 2 3 |  3.0
Invocations    | 1 3 4 |  4.2
Summonings     | |  1.2
Evocations     | |  0.7

Action                   |  1- 3 |  4- 6 |  7- 9 | 10-12 || total
-------------------------+-------+-------+-------+-------++-------
Melee: Unarmed           |     7 |       |       |       ||     7
       Kick              |     5 |     7 |    18 |    16 ||    46
       Dagger            |    10 |    25 |    73 |       ||   108
       Peck              |     3 |    12 |    13 |    18 ||    46
       Quarterstaff      |       |    23 |    13 |       ||    36
       Halberd           |       |       |     8 |   200 ||   208
 Cast: Magic Dart        |    73 |    48 |   258 |   159 ||   538
       Mephitic Cloud    |       |    10 |    28 |    65 ||   103
       Conjure Flame     |       |     2 |    30 |    27 ||    59
       Blink             |       |     2 |    18 |    41 ||    61
 Abil: Fly               |       |     1 |       |       ||     1
Evoke: Wand              |       |       |    14 |     2 ||    16
  Use: Scroll            |     5 |     1 |     6 |     4 ||    16
       Potion            |       |       |     1 |     6 ||     7
 Stab: Sleeping          |     1 |     2 |     1 |     3 ||     7
       Confused          |       |     4 |     2 |    11 ||    17
       Paralysed         |       |     1 |       |       ||     1
       Petrified         |       |       |       |     3 ||     3
       Distracted        |       |       |       |     1 ||     1
  Eat: Chunk             |     2 |     6 |     9 |     8 ||    25
       Ration            |       |       |     3 |     3 ||     6
Armor: Robe              |     3 |     1 |     6 |    21 ||    31
       Skin              |       |       |       |     3 ||     3
Dodge: Dodged            |    12 |    32 |   138 |   263 ||   445
